 Dungeon Crawl Stone Soup version 0.17-a0-2055-gb4e23be (webtiles) character file.

1637 magipi the Cleaver (level 8, -7/61 HPs)
             Began as a Ghoul Gladiator on Oct 11, 2015.
             Mangled by an ogre
             ... wielding a +0 giant club
              (28 damage)
             ... on level 8 of the Dungeon.
             The game lasted 00:35:04 (4395 turns).

magipi the Cleaver (Ghoul Gladiator)                Turns: 4395, Time: 00:35:04

Health: -7/61      AC:  7    Str: 19    XL:     8   Next: 98%
Magic:  7/7        EV: 11    Int:  3    God:
Gold:   174        SH:  0    Dex: 15    Spells: 0 memorised, 7 levels left

rFire  . . .     SeeInvis .     a - +0 war axe
rCold  + . .     Clarity  .     q - +0 scale mail
rNeg   + + +     SustAt   .     (no shield)
rPois  ∞         Gourm    .     c - +0 helmet
rElec  .         Spirit   .     (no cloak)
rCorr  .         Warding  .     (no gloves)
rMut   .         Stasis   .     (no boots)
MR     +....                    (no amulet)
Stlth  ..........               v - ring of protection from magic
                                m - +4 ring of dexterity

@: rotting, somewhat resistant to hostile enchantments, extremely unstealthy
A: rotting body, claws 1, carnivore 3, cold resistance 1, negative energy
resistance 3, slow regeneration 1, torment resistance, unbreathing
a: no special abilities


You were on level 8 of the Dungeon.
You were not hungry.

You visited 2 branches of the dungeon, and saw 9 of its levels.

You collected 294 gold pieces.
You spent 120 gold pieces at shops.

Notes
Turn   | Place    | Note
--------------------------------------------------------------
     0 | D:1      | magipi the Ghoul Gladiator began the quest for the Orb.
     0 | D:1      | Reached XP level 1. HP: 17/17 MP: 0/0
    73 | D:1      | Reached XP level 2. HP: 22/24 MP: 1/1
    79 | D:1      | Reached skill level 3 in Axes
   238 | D:1      | Reached XP level 3. HP: 24/29 MP: 2/2
   823 | D:2      | Reached XP level 4. HP: 23/36 MP: 3/3
  1180 | D:2      | Found an opulent altar of Gozag.
  1294 | D:3      | Found a radiant altar of Vehumet.
  1488 | D:4      | Reached skill level 4 in Axes
  1488 | D:4      | Reached XP level 5. HP: 10/41 MP: 4/4
  1702 | D:5      | Entered Level 5 of the Dungeon
  1702 | D:5      | Found a staircase to the Ecumenical Temple.
  1705 | Temple   | Entered the Ecumenical Temple
  1808 | D:5      | Reached skill level 5 in Axes
  1917 | D:5      | Found a glowing golden altar of the Shining One.
  1934 | D:5      | Reached XP level 6. HP: 42/48 MP: 5/5
  2129 | D:6      | Noticed Menkaure
  2153 | D:5      | Reached skill level 6 in Axes
  2182 | D:5      | Noticed an ogre
  2271 | D:5      | HP: 2/47 [orc/falchion of electrocution (16)]
  2329 | D:4      | Found Kearraga's General Store.
  2333 | D:4      | Bought a scroll of teleportation for 36 gold pieces
  2333 | D:4      | Bought 8 tomahawks for 48 gold pieces
  2333 | D:4      | Bought a scroll of remove curse for 36 gold pieces
  2698 | D:5      | Noticed a phantom
  2733 | D:5      | Reached XP level 7. HP: 42/55 MP: 6/6
  2972 | D:6      | Reached skill level 7 in Axes
  2996 | D:6      | Found a snail-covered altar of Cheibriados.
  3097 | D:6      | Noticed Blork the orc
  3254 | D:6      | Killed Menkaure
  3442 | D:5      | Killed a phantom
  3442 | D:5      | Reached skill level 8 in Axes
  3442 | D:5      | Reached XP level 8. HP: 33/61 MP: 7/7
  3840 | D:7      | Reached skill level 9 in Axes
  4053 | D:8      | Found an ancient bone altar of Kikubaaqudgha.
  4122 | D:8      | Found Wouky's Food Emporium.
  4257 | D:8      | Reached skill level 10 in Axes
  4395 | D:8      | Mangled by an ogre

Inventory:

Hand Weapons
 a - a +0 war axe (weapon)
 b - a +0 blowgun
Missiles
 j - 50 poisoned needles
 r - 5 tomahawks (quivered)
Armour
 c - a +0 helmet (worn)
 q - a +0 scale mail (worn)
 y - a +0 chain mail
Jewellery
 m - a +4 ring of dexterity (left claw)
 v - a ring of protection from magic (right claw)
 F - an uncursed ring of protection from magic
Wands
 d - a wand of fireball (6)
 w - a wand of enslavement (6)
 A - a wand of disintegration (13)
Scrolls
 f - 2 scrolls of enchant weapon {unknown}
 g - 2 scrolls of enchant armour {unknown}
 h - 3 scrolls of immolation {unknown}
 i - 3 scrolls of magic mapping {unknown}
 k - 6 scrolls of teleportation
 n - a scroll of fog {unknown}
 p - 2 scrolls of blinking {unknown}
 t - a scroll of random uselessness {unknown}
 B - 2 scrolls of remove curse
Potions
 o - 2 potions of might
 s - 3 potions of cancellation
 u - 2 potions of curing
 z - a potion of invisibility
 C - a potion of berserk rage
 D - 2 potions of heal wounds
Books
 x - a book of Alchemy

   Spells                             Type                      Level
   a - Sublimation of Blood           Necromancy                   2
   b - Ignite Poison                  Fire/Transmutation/Poison    3
   c - Alistair's Intoxication        Transmutation/Poison         4
   d - Condensation Shield            Ice                          4
   e - Petrify                        Transmutation/Earth          4
   f - Irradiate                      Conjuration/Transmutation    5
Comestibles
 e - 3 meat rations
 l - a royal jelly
 G - a beef jerky


   Skills:
 - Level 2.1 Fighting
 + Level 10.0 Axes
 - Level 3.3 Throwing
 - Level 2.6 Dodging


You had 7 spell levels left.
You didn't know any spells.

Dungeon Overview and Level Annotations

Branches:
Dungeon (8/15)             Temple (1/1) D:5
   Lair: D:8-11

Altars:
Ashenzari
Cheibriados
Dithmenos
Gozag
Kikubaaqudgha
Nemelex Xobeh
Okawaru
Ru
Sif Muna
Vehumet
Xom
Zin
The Shining One

Shops:
D:4 *   D:8 %

Annotations:
D:6 Blork the orc


Innate Abilities, Weirdness & Mutations

Your body is rotting away.
You thrive on raw meat.
You are immune to poison.
You have sharp fingernails.
You are carnivorous and can eat meat at any time.
Your flesh is cold resistant.
You are immune to negative energy.
You regenerate slowly when monsters are visible.
You are immune to unholy pain and torment.
You can survive without breathing.

Vault maps used:
D:1:      saegor_arrival_simple_e, minivault_4
D:2:      grunt_gozag_breadcrumbs
D:3:      lemuel_coloured_pillars_altar, first_bread, hangedman_glass_teeth
D:4:      serial_shops, shop
D:5:      nicolae_tso_besieged_by_evil
D:6:      overflow_temple_1_default, nrook_pool_corridor, tgw_sif, uniq_menkaure
D:7:      nicolae_overflow_hidden_temple
D:8:      kiku_gazebo_garden_becter, lightli_temple_of_fire, lair_0_dummy,
          serial_shops, nicolae_shop_stone
Temple:   minmay_temple_bridge_a_8


Message History

You hit the giant frog.
The giant frog is almost dead.
The giant frog closely misses you. The giant frog barely misses you.
Unknown command.
You barely miss the orc priest. You hit the giant frog.
You kill the giant frog!
Your Axes skill increases to level 10!
An orc priest comes into view.
The worker ant bites you.
There is an open door here.
You barely miss the orc priest.
You hit the worker ant but do no damage.
The orc priest hits you with a hand axe.
The orc priest casts a cantrip, but nothing happens.
The worker ant misses you. The giant gecko bites you.
Read which item? (? for menu, Esc to quit)
As you read the scroll of teleportation, it crumbles to dust.
You feel strangely unstable. The worker ant barely misses you.
The worker ant bites you but does no damage.
Your surroundings suddenly seem different.
You open the door.
There is an open door here.
You open the door.
There is an open door here.
You open the door.
There is an open door here.
You open the door.
There is an open door here.
You open the door.
There is an open door here.
You open the door.
There is an open door here.
You open the door.
There is an open door here.
You open the door.
There is an open door here.
As you open the door, it creaks loudly!
There is an open door here.
There is an open door here.
As you open the door, it creaks loudly!
There is an open door here.
You open the door.
There is an open door here.
There is an open door here.
There is an open door here.
There is an open door here.
Found a bronze wand.
Found a gnarled glowing staff.
Found an escape hatch in the ceiling.
d - a wand of fireball You open the door.
There is an open door here.
You open the door.
An ogre comes into view. It is wielding a giant club.
The ogre shouts!
Found 10 gold pieces.
Throwing (i - inventory):
r - 7 tomahawks (quivered)
Press: ? - help, Shift-Dir - straight line, f - ogre
Aim: an ogre, wielding a giant club You throw a tomahawk.
The tomahawk barely misses the ogre.
Throwing (i - inventory):
r - 6 tomahawks (quivered)
Press: ? - help, Shift-Dir - straight line, f/p - ogre
Aim: an ogre, wielding a giant club You throw a tomahawk.
The tomahawk barely misses the ogre.
You slash the ogre!
The ogre is moderately wounded.
The ogre hits you with a giant club.
You barely miss the ogre.
The ogre is moderately wounded.
The ogre barely misses you.
You hit the ogre.
The ogre is moderately wounded.
The ogre barely misses you.
You barely miss the ogre.
The ogre is moderately wounded.
You closely miss the ogre.
The ogre is moderately wounded.
The ogre closely misses you.
You barely miss the ogre.
The ogre is moderately wounded.
The ogre hits you with a giant club!
You barely miss the ogre.
The ogre is moderately wounded.
The ogre hits you with a giant club!
You hit the ogre but do no damage.
The ogre is moderately wounded.
Your scale mail prevents you from hitting the ogre.
The ogre is moderately wounded.
The ogre closely misses you.
You hit the ogre.
The ogre is heavily wounded.
The ogre hits you with a giant club!
You barely miss the ogre.
The ogre is heavily wounded.
The ogre completely misses you.
You barely miss the ogre.
The ogre is heavily wounded.
You hit the ogre.
The ogre is heavily wounded.
The ogre hits you with a giant club!!
You die...

+.............#
#.............#
..............#
.............#
##+#........####
#....##'##..#
#....#......#
+<.|.#......#
#.(..'..O@..#
#.$..#......#
#... #..##..#
#.. #### ### +.
#


You could see an ogre.

Vanquished Creatures
  A wyvern (D:8)
  Menkaure (D:6)
  A necrophage (D:8)
  A black bear (D:5)
  A phantom (D:5)
  A centaur (D:5)
  4 giant frogs
  A big kobold (D:7)
  3 wights
  A crimson imp (D:5)
  A giant frog zombie (D:7)
  2 orc wizards (D:7)
  2 centaur skeletons (D:6)
  4 hounds
  An iguana (D:4)
  A worker ant (D:7)
  9 adders
  2 gnolls (D:2)
  A white imp (D:5)
  2 shadow imps (D:8)
  2 oozes
  2 worms
  3 giant geckos
  14 orcs
  6 bats
  6 giant cockroaches
  8 goblins
  5 hobgoblins
  3 jackals (D:5)
  15 kobolds
  A quokka (D:7)
  3 giant newts
  A goblin skeleton (D:5)
  A goblin zombie (D:5)
  3 hobgoblin zombies (D:5)
  A kobold skeleton (D:5)
  A kobold zombie (D:5)
  3 orc skeletons (D:5)
  An orc zombie (D:5)
  A quokka zombie (D:6)
  11 rats
131 creatures vanquished.

Action                   |  1- 3 |  4- 6 |  7- 9 || total
-------------------------+-------+-------+-------++-------
Melee: War axe           |   110 |   184 |   252 ||   546
Throw: Throwing net      |       |     3 |     3 ||     6
       Tomahawk          |       |       |     4 ||     4
  Use: Scroll            |       |     5 |     8 ||    13
       Potion            |       |       |     1 ||     1
 Stab: Held in net/web   |       |       |     1 ||     1
  Eat: Chunk             |    10 |    21 |    31 ||    62
       Pizza             |       |     1 |       ||     1

Action                   |  1- 3 |  4- 6 |  7- 9 || total
-------------------------+-------+-------+-------++-------
Melee: War axe           |   110 |   184 |   252 ||   546
Throw: Throwing net      |       |     3 |     3 ||     6
       Tomahawk          |       |       |     4 ||     4
  Use: Scroll            |       |     5 |     8 ||    13
       Potion            |       |       |     1 ||     1
 Stab: Held in net/web   |       |       |     1 ||     1
  Eat: Chunk             |    10 |    21 |    31 ||    62
       Pizza             |       |     1 |       ||     1
